cohdb
Replays
Latest Replays
All Replays
Popular Replays
Top Player Replays
Match Explorer
How It Works
Community
CoH3 Stats
Reddit
Sign in to upload your games and track your stats! →
Sign in with Steam
Match 46079531
Unlisted
Match 46079531
Overview
Messages
Build Orders
End
Construct Barracks
Riflemen Squad
Riflemen Squad
Riflemen Squad
Grenade Package
Infantry Support Center
Construct Motor Pool
M8 Greyhound Armored Car
M1 Anti-tank Gun Team
Construct Medical Station
M1918 Browning Automatic Rifles
Engineer Squad
Demolitions Package
Munitions Surplus
Selects Special Operations Battlegroup
Selects M29 Weasel Recon Vehicle
Selects Mark Vehicle
M8 Greyhound Armored Car
Advanced Logistics
Survival Training
Selects M4A1 Sherman Whizbang
M4A1 Sherman Whizbang
Riflemen Squad
Selects Raiding Flares
M4A1 Sherman Whizbang
Raiding Flares
Selects SSF Commando Squad
M4A1 Sherman Whizbang
.30 cal Machine Gun
Kampfstärke
TheMallis
did u guys freeze
고구마줄거리
KyrSor
Na_Orbite
CJladkiu
A'killa
0
0
Comments
sign in to comment!
No comments posted yet!